 Dungeon Crawl Stone Soup version 0.30-a0-782-ge64f9170bb (webtiles) character file.

Game seed: 5136163014738873645

8 Nedwor the Trooper (level 2, 0/21 HPs)
             Began as an Octopode Fighter on Feb 25, 2023.
             Slain by a bat (1 damage)
             ... on level 1 of the Dungeon.
             The game lasted 00:00:25 (192 turns).

Nedwor the Trooper (Octopode Fighter)                Turns: 192, Time: 00:00:26

Health: 0/21       AC:  1    Str: 15    XL:     2   Next: 8%
Magic:  2/2        EV: 13    Int: 10    God:
Gold:   8          SH:  4    Dex: 11    Spells: 1/1 levels left

rFire   . . .      SeeInvis .    a - +0 rapier
rCold   . . .      Faith    .    b - +0 buckler
rNeg    . . .      Spirit   .    (helmet restricted)
rPois   .          Reflect  .    (no amulet)
rElec   .          Harm     .    (no ring)
rCorr   .          Rampage  .    (no ring)
Will    .....                    (no ring)
Stlth   ++                       (no ring)
HPRegen 0.23/turn                (no ring)
MPRegen 0.08/turn                (no ring)
                                 (no ring)
                                 (no ring)

@: no status effects
A: almost no armour, amphibious, 8 rings, camouflage 1, gelatinous body 1,
(nimble swimmer 1), tentacles
a: no special abilities


You were on level 1 of the Dungeon.
You visited 1 branch of the dungeon, and saw 1 of its levels.

You collected 8 gold pieces.

Inventory:

Hand Weapons
 a - a +0 rapier (weapon)
Armour
 b - a +0 buckler (worn)
Scrolls
 d - a scroll of enchant weapon {unknown}
Potions
 c - a potion of might
 e - a potion of flight {unknown}


   Skills:
 + Level 3.1 Fighting
 * Level 2.3 Short Blades
 + Level 3.1 Dodging
 + Level 3.1 Shields


You had one spell level left.
You didn't know any spells.
Your spell library was empty.

Dungeon Overview and Level Annotations

Branches:
Dungeon (1/15)

Altars:


Innate Abilities, Weirdness & Mutations

You cannot wear most types of armour.
You are amphibious.
You can wear up to eight rings at the same time.
Your skin changes colour to match your surroundings (Stealth+).
Your rubbery body absorbs attacks. (AC +1, EV +1)
((You are camouflaged when in or above water. (Stealth+)))
You have tentacles for arms and can constrict up to eight enemies at once.


Message History

The bat barely misses you.
You closely miss the bat. Your grab misses the bat.
The bat is moderately wounded.
The bat closely misses you.
You hit the bat but do no damage. Your grab misses the bat.
You squeeze the bat, but do no damage.
The bat is moderately wounded.
The bat misses you.
You hit the bat. You grab the bat.
The bat is heavily wounded.
You constrict the bat. The bat hits you but does no damage.
The bat escapes!
The bat hits you but does no damage.
You barely miss the bat. Your grab misses the bat.
The bat is moderately wounded.
The bat hits you.
* * * LOW HITPOINT WARNING * * *
The bat closely misses you. The bat hits you but does no damage.
You see here a rat corpse.
You block the bat's attack.
You see here a +0 club.
You hit the bat but do no damage. Your grab misses the bat.
The bat is moderately wounded.
The bat hits you.
* * * LOW HITPOINT WARNING * * *
The bat hits you.
* * * LOW HITPOINT WARNING * * *
The bat hits you.
* * * LOW HITPOINT WARNING * * *
The bat barely misses you. The bat completely misses you. The bat hits you.
* * * LOW HITPOINT WARNING * * *
Found a clear potion.
The bat hits you.
* * * LOW HITPOINT WARNING * * *
You barely miss the bat. You grab the bat. You constrict the bat.
You block the bat's attack.
The bat struggles to escape constriction.
The bat hits you.
You die...

.##..# ...... ..#...#
.....# #......## #!...#
#.....#.#.#..# .
#......#.##..## !.
#......##....##...
#.................
#.....†.....^.....
##.....)##.@..##..
#......#.##.b##
#..)..#.#.#..#
#.####..$..##.#....#
#.........#.##......#
#####.†..#.#.........
#[....##...........
####.#..#..............
#....#...........


You could see a bat.

Vanquished Creatures
  An endoplasm (D:1)
  A goblin (D:1)
  A hobgoblin (D:1)
  A quokka (D:1)
  A ball python (D:1)
  2 frilled lizards (D:1)
  A rat (D:1)
8 creatures vanquished.

Notes
Turn   | Place    | Note
-------+----------+-------------------------------------------
     0 | D:1      | Nedwor the Octopode Fighter began the quest for the Orb.
     0 | D:1      | Reached XP level 1. HP: 16/16 MP: 1/1
   170 | D:1      | Reached XP level 2. HP: 11/21 MP: 2/2
   190 | D:1      | HP: 1/21 [bat (1)]
   192 | D:1      | Slain by a bat

Illustrated notes

Levels and vault maps discovered:
D:1:      minmay_arrival_solitary_statue, layout_basic,
          minmay_misc_feat_secret_circle, minmay_liquid_box, glass_columns_a

Action                     || total
---------------------------++-------
  Melee: Rapier            ||    30
         Constrict         ||     9
         Tentacles         ||     3
 Armour: Skin              ||     8
  Dodge: Dodged            ||    28
  Block: Buckler           ||     7

Table legend: (Time is in decaauts)
 A = Elapsed time spent in this place.
 B = Non-inter-level travel time spent in this place.
 C = Inter-level travel time spent in this place.
 D = Time resting spent in this place.
 E = Time spent auto-exploring this place.
 F = Levels seen in this place.
 G = Mean time per level.
                   A        B        C        D        E       F      G
               +--------+--------+--------+--------+--------+-----+--------+
         Total |    195 |    195 |      0 |      0 |    137 |   1 |  195.0 |
       Dungeon |    195 |    195 |      0 |      0 |    137 |   1 |  195.0 |
               +--------+--------+--------+--------+--------+-----+--------+

Top non-repeatable levels by time:
     D:1: 195 daAuts
